 Dungeon Crawl Stone Soup version 0.30-a0-634-g8abc85282e (webtiles) character file.

Game seed: 16625366460152151852

246 Dirtsage the Changer (level 6, -1/38 HPs)
             Began as an Octopode Transmuter on Jan 14, 2023.
             Slain by an orc wizard
             ... wielding a +0 dagger
              (3 damage)
             ... on level 4 of the Dungeon.
             The game lasted 00:05:13 (2916 turns).

Dirtsage the Changer (Octopode Transmuter)          Turns: 2916, Time: 00:05:14

Health: -1/38      AC:  1    Str: 10    XL:     6   Next: 11%
Magic:  9/9        EV: 13    Int: 17    God:
Gold:   193        SH:  0    Dex: 12    Spells: 2/9 levels left

rFire   . . .      SeeInvis +      - Unarmed
rCold   . . .      Faith    .    (no shield)
rNeg    . . .      Spirit   .    (helmet restricted)
rPois   .          Reflect  .    (no amulet)
rElec   .          Harm     .    S - ring of see invisible
rCorr   .          Rampage  .    (no ring)
Will    .....                    (no ring)
Stlth   ++                       (no ring)
HPRegen 0.26/turn                (no ring)
MPRegen 0.11/turn                (no ring)
                                 (no ring)
                                 (no ring)

@: confused
A: almost no armour, amphibious, 8 rings, camouflage 1, gelatinous body 1,
(nimble swimmer 1), tentacles
a: no special abilities


You were on level 4 of the Dungeon.
You visited 1 branch of the dungeon, and saw 4 of its levels.

You collected 193 gold pieces.

Inventory:

Missiles
 i - a throwing net
Magical Staves
 o - a staff of death
Jewellery
 S - a ring of see invisible (left tentacle)
Scrolls
 b - a scroll of acquirement {unknown}
 d - a scroll of amnesia {unknown}
 e - a scroll of silence {unknown}
 g - a scroll of fog {unknown}
 h - 2 scrolls of enchant armour {unknown}
 j - 2 scrolls of identify {unknown}
 k - a scroll of enchant weapon {unknown}
 m - a scroll of fear {unknown}
Potions
 a - 2 potions of lignification
 c - a potion of attraction {unknown}
 f - a potion of mutation {unknown}
 l - a potion of heal wounds {unknown}
 n - a potion of brilliance {unknown}


   Skills:
 - Level 1.0 Fighting
 - Level 2.0 Dodging
 - Level 3.0 Unarmed Combat
 - Level 2.0 Spellcasting
 * Level 4.5 Transmutations
 * Level 3.9 Ice Magic


You had 2 spell levels left.
You knew the following spells:

 Your Spells              Type           Power      Damage    Failure   Level
a - Beastly Appendage     Tmut           34%        N/A       3%          1
b - Wereblood             Tmut           17%        N/A       4%          2
c - Ice Form              Ice/Tmut       16%        N/A       32%         4

Your spell library contained the following spells:

 Spells                   Type           Power      Damage    Failure   Level
 Spider Form              Tmut/Pois      9%         N/A       22%         3


Dungeon Overview and Level Annotations

Branches:
Dungeon (4/15)
 Temple: D:4-7

Altars:
Cheibriados

Shops:
D:2 (


Innate Abilities, Weirdness & Mutations

You cannot wear most types of armour.
You are amphibious.
You can wear up to eight rings at the same time.
Your skin changes colour to match your surroundings (Stealth+).
Your rubbery body absorbs attacks. (AC +1, EV +1)
((You are camouflaged when in or above water. (Stealth+)))
You have tentacles for arms and can constrict up to eight enemies at once.


Message History

The orc closely misses you.
You tentacle-slap the orc but do no damage.
You pierce the orc, but do no damage.
The orc is severely wounded.
You constrict the orc, but do no damage.
The orc hits you with a +0 short sword.
An orc wizard comes into view. It is wielding a +0 dagger.
You take 6 damage, and have 20/38 hp.
The orc wizard shouts!
You tentacle-slap the orc. You squeeze the orc.
You kill the orc!
You tentacle-slap the kobold. You grab the kobold.
The kobold is moderately wounded.
You constrict the kobold. The kobold closely misses you.
You tentacle-slap the kobold.
You kill the kobold!
The orc priest calls down the wrath of Beogh upon you.
Beogh smites you!
* * * LOW HITPOINT WARNING * * *
You take 15 damage, and have 6/38 hp.
MASSIVE DAMAGE!!
The orc wizard hits you with a +0 dagger.
* * * LOW HITPOINT WARNING * * *
Items here: ( )) [ †.
You take 2 damage, and have 4/38 hp.
You barely miss the orc wizard. Your grab misses the orc wizard.
The orc wizard hits you with a +0 dagger.
* * * LOW HITPOINT WARNING * * *
You take 2 damage, and have 2/38 hp.
You tentacle-slap the orc wizard but do no damage.
You grab the orc wizard.
Your tentacle spike disappears.
You constrict the orc wizard.
The orc wizard gestures at you while chanting.
You are confused.
You hear a shout!
You tentacle-slap the orc wizard but do no damage.
The orc wizard is lightly wounded.
You constrict the orc wizard.
The orc wizard hits you with a +0 dagger.
You die...

# #°°.# #§○§# #§○☼# ♣...
...# ♣...~ #... ♣..K.~
..# ♣♣.....~ #.#
♣♣......~ #. #.#
♣...(..~~ ######..# #.
#@# #####♣.....~⌠~
.......#
#.##o###..Ko..~~~~~~~
#.######
###..oKo.oK#.'..~~~~w~~
#.#
#.........#####♣...o.~⌠~
#.# #.###.....#
♣....!.~~ #.# #.....#
♣♣..o...~ #.# #..†..#
♣♣.o...~ #.# #.# ##)####
♣....~ #.# #.# #.# ♣...~


You could see an orc priest, an orc wizard, an orc and a kobold.

Vanquished Creatures
  2 vampire bats (D:3)
  Ijyb (D:3)
  Robin (D:2)
  2 adders
  3 worms
  3 dart slugs
  An orc (D:4)
  9 ball pythons
  14 bats
  4 endoplasms
  4 giant cockroaches
  15 goblins
  10 hobgoblins
  2 jackals (D:1)
  3 quokkas
  5 frilled lizards
  10 kobolds
  6 rats
95 creatures vanquished.

Notes
Turn   | Place    | Note
-------+----------+-------------------------------------------
     0 | D:1      | Dirtsage the Octopode Transmuter began the quest for the
                  | Orb.
     0 | D:1      | Reached XP level 1. HP: 13/13 MP: 3/3
    86 | D:1      | Reached skill level 1 in Ice Magic
    86 | D:1      | Reached XP level 2. HP: 18/18 MP: 5/5
   256 | D:1      | Learned a level 2 spell: Wereblood
   564 | D:1      | Reached XP level 3. HP: 23/23 MP: 6/6
   906 | D:2      | Found Xanojy's Weapon Emporium.
  1036 | D:2      | Reached skill level 3 in Transmutations
  1297 | D:2      | Noticed Robin
  1329 | D:2      | Killed Robin
  1330 | D:2      | Reached XP level 4. HP: 17/28 MP: 4/7
  1630 | D:2      | Learned a level 4 spell: Ice Form
  2236 | D:3      | Found a snail-covered altar of Cheibriados.
  2249 | D:3      | Reached XP level 5. HP: 33/33 MP: 6/8
  2653 | D:3      | Noticed Ijyb
  2659 | D:3      | Paralysed by Ijyb for 4 turns
  2669 | D:3      | Killed Ijyb
  2674 | D:3      | Reached skill level 4 in Transmutations
  2686 | D:3      | Reached XP level 6. HP: 29/38 MP: 7/9
  2916 | D:4      | Slain by an orc wizard

Illustrated notes

Levels and vault maps discovered:
D:1:      dpeg_arrival_long_road, layout_basic
D:2:      wad_river_or_something, layout_loops_cross, serial_shops,
          shop_fountains, minmay_heptomino_h4, uniq_robin
D:3:      layout_loops_ring, cheibrodos_worm_habitat, minivault_25,
          roderic_batcave, dk_noncrumbling_2, ebering_dispersal_statue_hall,
          uniq_ijyb
D:4:      layout_loops_ring, kennysheep_cross_room, lemuel_flame_loot_1

Skill      XL: |  1  2  3  4  5 |
---------------+----------------+-----
Ice Magic      | 1 2 3 |  3.9
Transmutations | 3 4 |  4.5
Fighting       | |  1.0
Dodging        | |  2.0
Unarmed Combat | |  3.0
Spellcasting   | |  2.0

Action                   |  1- 3 |  4- 6 || total
-------------------------+-------+-------++-------
Melee: Unarmed           |    85 |   110 ||   195
       Constrict         |    25 |    34 ||    59
       Tentacles         |    12 |    16 ||    28
       Punch             |     4 |     4 ||     8
       Kick              |    17 |    23 ||    40
 Cast: Beastly Appendage |     8 |    10 ||    18
       Wereblood         |     3 |     4 ||     7
 Stab: Sleeping          |     6 |     4 ||    10
       Distracted        |       |     1 ||     1
Armor: Skin              |    11 |    10 ||    21
Dodge: Dodged            |    45 |    70 ||   115

Table legend: (Time is in decaauts)
 A = Elapsed time spent in this place.
 B = Non-inter-level travel time spent in this place.
 C = Inter-level travel time spent in this place.
 D = Time resting spent in this place.
 E = Time spent auto-exploring this place.
 F = Levels seen in this place.
 G = Mean time per level.
                   A        B        C        D        E       F      G
               +--------+--------+--------+--------+--------+-----+--------+
         Total |   2903 |   2800 |    103 |      0 |   2197 |   4 |  725.8 |
       Dungeon |   2903 |   2800 |    103 |      0 |   2197 |   4 |  725.8 |
               +--------+--------+--------+--------+--------+-----+--------+

Top non-repeatable levels by time:
     D:2: 993 daAuts
     D:1: 895 daAuts
     D:3: 866 daAuts
     D:4: 148 daAuts
